 Dungeon Crawl Stone Soup version 0.31-a0-875-g02e7d12df6 (webtiles) character file.

Game seed: 8303937332490190664

217 Azuregosa the Caller (level 5, -1/38 HPs)
             Began as a Demigod Summoner on Oct 12, 2023.
             Splashed by a jelly's acid (7 damage)
             ... on level 3 of the Dungeon.
             The game lasted 00:09:58 (2777 turns).

Azuregosa the Caller (Demigod Summoner)             Turns: 2777, Time: 00:09:59

Health: -1/38      AC: 10    Str:  9    XL:     5   Next: 35%
Magic:  11/13      EV:  8    Int: 17    God:
Gold:   92         SH:  0    Dex: 18    Spells: 10/11 levels left

rFire   . . .        h - +4 dagger (drain)
rCold   . . .        (no shield)
rNeg    . . .        u - +3 scale mail
rPois   +            r - +0 helmet
rElec   .            f - scarf {repulsion}
rCorr   .            (no gloves)
SInv    .            (no boots)
Will    .....        (no amulet)
Stlth   +            w - ring of poison resistance
HPRegen 0.26/turn    (no ring)
MPRegen 0.13/turn

%: repel missiles
@: no status effects
A: high MP 1, forlorn, divine attributes
a: no special abilities


You were on level 3 of the Dungeon.
You visited 1 branch of the dungeon, and saw 4 of its levels.

You collected 92 gold pieces.

Inventory:

Hand Weapons
 d - a +0 short sword
 e - a +0 spear
 h - a +4 dagger of draining (weapon)
Missiles
 s - a throwing net
 t - 6 datura-tipped darts
Armour
 a - a +0 robe
 f - a scarf of repulsion (worn)
 r - a +0 helmet (worn)
 u - a +3 scale mail (worn)
Magical Staves
 n - a staff of air
Jewellery
 w - a ring of poison resistance (left hand)
Wands
 y - a wand of charming (3)
Scrolls
 c - a scroll of brand weapon {unknown}
 g - a scroll of enchant armour {unknown}
 i - 2 scrolls of immolation {unknown}
 k - 2 scrolls of identify {unknown}
 l - a scroll of poison {unknown}
 m - a scroll of amnesia {unknown}
 o - a scroll of enchant weapon {unknown}
 v - 2 scrolls of revelation {unknown}
Potions
 b - a potion of magic
 j - 2 potions of attraction {unknown}
 p - a potion of lignification {unknown}
 q - 2 potions of enlightenment {unknown}
 x - a potion of heal wounds {unknown}
 z - a potion of curing {unknown}


   Skills:
 - Level 1.7 Dodging
 - Level 1.7 Stealth
 + Level 3.7 Spellcasting
 + Level 5.1 Summonings


You had 10 spell levels left.
You knew the following spells:

 Your Spells              Type           Power      Damage    Failure   Level
a - Summon Small Mammal   Summ           80%        N/A       17%         1

Your spell library contained the following spells:

 Spells                   Type           Power      Damage    Failure   Level
 Call Imp                 Summ           40%        N/A       26%         2
 Call Canine Familiar     Summ           20%        N/A       45%         3
 Summon Guardian Golem    Hex/Summ       11%        N/A       82%         3
 Scorch                   Fire           6%         2d5       91%         2
 Summon Lightning Spire   Summ/Air       11%        N/A       99%         4
 Flame Wave               Conj/Fire      3%         2d5       100%        4
 Summon Cactus Giant      Summ           10%        N/A       100%        6


Dungeon Overview and Level Annotations

Branches:
Dungeon (4/15)
 Temple: D:4-7


Innate Abilities, Weirdness & Mutations

You have an increased reservoir of magic. (+10% MP)
You shall have no god before yourself.
Your divine heritage dramatically boosts your attributes as you level up.


Message History

The jelly completely misses you.
You hit the jelly. You drain the jelly.
Your hands burn!
The jelly is heavily wounded.
The jelly hits you but does no damage.
You hit the jelly.
Your hands burn!
The jelly is severely wounded.
The jelly hits you. The acid corrodes you!
You are splashed with acid.
* * * LOW HITPOINT WARNING * * *
You see here an iguana corpse.
The jelly attacks as it pursues you! The jelly closely misses you.
The jelly attacks as it pursues you! The jelly hits you.
* * * LOW HITPOINT WARNING * * *
You are splashed with acid!
* * * LOW HITPOINT WARNING * * *
The jelly attacks as it pursues you! The jelly barely misses you.
The jelly attacks as it pursues you! The jelly barely misses you.
The jelly attacks as it pursues you! The jelly closely misses you.
There is an escape hatch in the ceiling here.
A mysterious force pulls you upwards. The hatch slams shut behind you.
Casting: Summon Small Mammal (safe; 17% risk of failure)
Confirm with . or Enter, or press ? or * to list all spells.
The jelly hits you but does no damage. The jelly hits you but does no damage.
Your rat bites the jelly.
Your rat is burned by acid!
Your rat dies!
Your rat's corpse disappears in a puff of smoke!
The jelly attacks as it pursues you! The jelly hits you but does no damage.
Casting: Summon Small Mammal (safe; 17% risk of failure)
Confirm with . or Enter, or press ? or * to list all spells.
You swap places.
You are no longer corroded.
The jelly seems less drained.
Your bat hits the jelly.
Your bat is burned by acid!
Your bat dies!
Your bat's corpse disappears in a puff of smoke!
The jelly attacks as it pursues you! The jelly hits you.
* * * LOW HITPOINT WARNING * * *
You are splashed with acid!
You die...

#####....##...##....##...#
#.#
........##.8.##.....########
#.#
.......####'##..#####......#
##)# .................#
#[......# #...
......##########.# #.......#
#... ###...# #.# #.......#
#... #...# #.# #.####.##
#... ##### #.###.####.# ####
#@##.......# #J##.......#
#.##.<.....# #..........#
#..........# #.........##
###########


You could see a jelly.

Vanquished Creatures
  A scorpion (D:4)
  An iguana (D:4)
  3 gnolls
  3 adders
  2 worms
  A dart slug (D:3)
  An orc (D:3)
  9 ball pythons
  3 bats
  4 endoplasms
  A giant cockroach (D:1)
  4 goblins
  4 hobgoblins
  A quokka (D:3)
  2 frilled lizards
  2 kobolds
  4 rats
46 creatures vanquished.

Vanquished Creatures (collateral kills)
  A gnoll (D:3)
  A dart slug (D:1)
  An endoplasm (D:1)
  A goblin (D:1)
  A hobgoblin (D:2)
  A kobold (D:1)
  A quokka (D:1)
  3 frilled lizards
10 creatures vanquished.

Grand Total: 56 creatures vanquished

Notes
Turn   | Place    | Note
-------+----------+-------------------------------------------
     0 | D:1      | Azuregosa the Demigod Summoner began the quest for the Orb.
     0 | D:1      | Reached XP level 1. HP: 14/14 MP: 5/5
   434 | D:1      | Reached XP level 2. HP: 18/20 MP: 1/7
   665 | D:1      | Reached skill level 4 in Summonings
  1314 | D:2      | Reached XP level 3. HP: 18/26 MP: 7/9
  1752 | D:3      | Reached XP level 4. HP: 21/33 MP: 7/11
  2581 | D:4      | Reached skill level 5 in Summonings
  2581 | D:4      | Reached XP level 5. HP: 34/38 MP: 11/13
  2777 | D:3      | Splashed by a jelly's acid

Illustrated notes

Levels and vault maps discovered:
D:1:      dpeg_arrival_castle, layout_loops_corners, basic_ecumenical_altar,
          hangedman_decor_diamond_cutter
D:2:      layout_rooms, st_stairs_11
D:3:      layout_basic, nicolae_dithmenos_through_a_glass_darkly,
          grunt_decor_arrowhead, minmay_misc_feat_enclosed, minmay_distorted
D:4:      layout_basic, overflow_temple_1_default

Skill      XL: |  1  2  3  4 |
---------------+-------------+-----
Spellcasting   | 2 3 |  3.7
Summonings     | 4 5 |  5.1
Dodging        | |  1.7
Stealth        | |  1.7

Action                     |  1- 3 |  4- 6 || total
---------------------------+-------+-------++-------
  Melee: Spear             |     1 |       ||     1
         Dagger            |    69 |    54 ||   123
         Punch             |     1 |       ||     1
   Cast: Summon Small Mamm |    20 |     6 ||    26
   Stab: Sleeping          |     5 |     1 ||     6
 Armour: Robe              |    40 |     9 ||    49
         Scale mail        |       |    38 ||    38
  Dodge: Dodged            |    37 |    25 ||    62

Table legend: (Time is in decaauts)
 A = Elapsed time spent in this place.
 B = Non-inter-level travel time spent in this place.
 C = Inter-level travel time spent in this place.
 D = Time resting spent in this place.
 E = Time spent auto-exploring this place.
 F = Levels seen in this place.
 G = Mean time per level.
                   A        B        C        D        E       F      G
               +--------+--------+--------+--------+--------+-----+--------+
         Total |   2778 |   2710 |     68 |     79 |   1909 |   4 |  694.5 |
       Dungeon |   2778 |   2710 |     68 |     79 |   1909 |   4 |  694.5 |
               +--------+--------+--------+--------+--------+-----+--------+

Top non-repeatable levels by time:
     D:1: 1152 daAuts
     D:3: 748 daAuts
     D:2: 540 daAuts
     D:4: 336 daAuts
